 Dungeon Crawl Stone Soup version 0.22-a0-44-geb883ae (webtiles) character file.

106 Kidiri the Magician (level 4, -2/24 HPs)
             Began as a Deep Elf Fire Elementalist on Jan 7, 2018.
             Killed by divine providence
             ... invoked by an orc priest
              (15 damage)
             ... on level 3 of the Dungeon.
             The game lasted 00:05:04 (1715 turns).

Kidiri the Magician (Deep Elf Fire Elementalist)    Turns: 1715, Time: 00:05:04

Health: -2/24      AC:  4    Str:  5    XL:     4   Next: 55%
Magic:  5/13       EV: 13    Int: 21    God:
Gold:   62         SH:  0    Dex: 15    Spells: 0/13 levels left

rFire    . . .     SeeInvis .   i - +0 dagger
rCold    . . .     Gourm    .   (no shield)
rNeg     . . .     Faith    .   a - +0 robe
rPois    .         Spirit   .   j - +0 helmet
rElec    .         Reflect  .   g - +0 cloak (curse)
rCorr    .         Harm     .   (no gloves)
MR       .....                  (no boots)
Stlth    ++........             (no amulet)
HPRegen  0.08/turn              (no ring)
MPRegen  0.13/turn              (no ring)

@: no status effects
A: no striking features
a: no special abilities


You were on level 3 of the Dungeon.
You were not hungry.

You visited 1 branch of the dungeon, and saw 3 of its levels.

You collected 62 gold pieces.

Inventory:

Hand Weapons
 f - a +0 short sword
 i - a +0 dagger (weapon)
Armour
 a - a +0 robe (worn)
 e - a +0 leather armour
 g - a cursed +0 cloak (worn)
 j - a +0 helmet (worn)
 l - a +0 large shield
Scrolls
 h - 2 scrolls of teleportation
 m - a scroll of remove curse
 q - 3 scrolls of fear
Potions
 k - a potion of curing
 n - a potion of lignification
 o - a potion of mutation {unknown}
 p - a potion of agility {unknown}
Books
 b - a book of Flames

   Spells                             Type                      Level
   a - Flame Tongue                   Conjuration/Fire             1
   b - Throw Flame                    Conjuration/Fire             2
   c - Conjure Flame                  Conjuration/Fire             3
   d - Inner Flame                    Hexes/Fire                   3
   e - Sticky Flame                   Conjuration/Fire             4
   f - Fireball                       Conjuration/Fire             5
Comestibles
 c - 8 rations
 d - 8 chunks of flesh


   Skills:
 - Level 2.4 Dodging
 - Level 2.4 Stealth
 * Level 5.1 Spellcasting
 + Level 2.5 Conjurations
 + Level 4.0 Fire Magic


You couldn't memorise any spells.
You knew the following spells:

 Your Spells              Type           Power        Failure   Level  Hunger
a - Flame Tongue          Conj/Fire      ###..        2%          1    None
b - Throw Flame           Conj/Fire      ###...       4%          2    None
c - Conjure Flame         Conj/Fire      ###.....     9%          3    ##.....
d - Inner Flame           Hex/Fire       ##......     14%         3    ##.....
e - Sticky Flame          Conj/Fire      ###.....     26%         4    ####...


Dungeon Overview and Level Annotations

Branches:
Dungeon (3/15)

Altars:
Fedhas


Message History

Confirm with . or Enter, or press ? or * to list all spells.
Aiming: Flame Tongue
Press: ? - help, Shift-Dir - straight line, f/p - orc
Aim: an orc (heavily wounded)
The flame tongue hits the orc.
You kill the orc!
The orc priest invokes the aid of Beogh against you.
Beogh smites you!
You hear a shout!
Casting: Flame Tongue
Confirm with . or Enter, or press ? or * to list all spells.
Aiming: Flame Tongue
Press: ? - help, Shift-Dir - straight line, f - orc
Aim: an orc, wielding a war axe and wearing a scale mail (almost dead)
The flame tongue hits the orc.
You kill the orc!
The orc priest mumbles some strange prayers to Beogh against you.
Beogh smites you!
Ouch! That really hurt!
You die...

..###########
.......<....#
.##########@#
#)# #h# )o.
..... .#.o.##
#.....# .
....# #
.....#


You could see a howler monkey, an orc priest and an orc.

Vanquished Creatures
  Jessica (D:2)
  2 adders (D:2)
  2 dart slugs (D:1)
  2 leopard geckos
  3 orcs (D:3)
  9 bats
  4 giant cockroaches
  6 goblins
  4 hobgoblins
  4 jackals (D:2)
  3 kobolds
  A quokka (D:2)
  6 frilled lizards
  4 rats
51 creatures vanquished.

Notes
Turn   | Place    | Note
-------+----------+-------------------------------------------
     0 | D:1      | Kidiri the Deep Elf Fire Elementalist began the quest for the Orb.
     0 | D:1      | Reached XP level 1. HP: 10/10 MP: 6/6
   342 | D:1      | Reached XP level 2. HP: 15/15 MP: 2/8
   470 | D:1      | Reached skill level 4 in Spellcasting
   719 | D:1      | Learned a level 2 spell: Throw Flame
   808 | D:1      | Reached XP level 3. HP: 19/19 MP: 6/10
   813 | D:1      | Learned a level 3 spell: Conjure Flame
  1072 | D:1      | Learned a level 3 spell: Inner Flame
  1114 | D:2      | Noticed Jessica
  1121 | D:2      | Killed Jessica
  1259 | D:2      | Reached XP level 4. HP: 24/24 MP: 9/12
  1314 | D:2      | Found a blossoming altar of Fedhas.
  1577 | D:2      | Reached skill level 5 in Spellcasting
  1658 | D:2      | Learned a level 4 spell: Sticky Flame
  1715 | D:3      | Killed from afar by an orc priest

Vault maps used:
D:1:      tarquinn_simple_flora_water_d
D:2:      fedhas_altar_2, uniq_jessica

Skill      XL: |  1  2  3  4 |
---------------+-------------+-----
Spellcasting   | 4 5 |  5.1
Conjurations   | 2 |  2.5
Fire Magic     | 4 |  4.0
Dodging        | |  2.4
Stealth        | |  2.4

Action                   |  1- 3 |  4- 6 || total
-------------------------+-------+-------++-------
Melee: Dagger            |     6 |     2 ||     8
 Cast: Flame Tongue      |    58 |    25 ||    83
       Throw Flame       |     2 |     3 ||     5
  Use: Scroll            |     3 |     3 ||     6
  Eat: Chunk             |     1 |     1 ||     2
Armor: Robe              |     5 |     1 ||     6
Dodge: Dodged            |    16 |     7 ||    23

Table legend:
 A = Spawn XP
 B = Non-spawn XP
 C = Spawn XP percentage of total XP
 D = Spawn monster count
 E = Non-spawn monster count
 F = Spawn count percentage of total count
 G = Total turns spent on level
                    A         B        C        D         E        F      G
               +---------+---------+-------+---------+---------+-------+---------
         Total |       0 |     152 |   0.0 |       0 |      51 |   0.0 |  1715
               +---------+---------+-------+---------+---------+-------+---------
           D:1 |       0 |      46 |   0.0 |       0 |      24 |   0.0 |  1090
           D:2 |       0 |      97 |   0.0 |       0 |      24 |   0.0 |   610
           D:3 |       0 |       9 |   0.0 |       0 |       3 |   0.0 |    15
               +---------+---------+-------+---------+---------+-------+---------
